AoeStats
← saikrishan399

Arena

510456316Analyzed
4v4 RM · 2d ago on Oct 1, 2026· 88m 29s· 8 players
Game mode
Random Map
Map size
Large (8 player)
Population
200
Speed
Normal
Resources
Standard
Victory
Conquest
Starting age
Dark Age
Ending age
Imperial Age
RankedLock teamsTeams togetherTeam positionsShared explorationLock speedFull tech treeHidden civsTurbo modeCheats
Victory
Defeat
🇺🇸 Danes · United States
654
+16
🇭🇰 Goths · Hong Kong SAR China
592
+18
🇺🇸 Teutons · United States
583
+19
🇲🇽 Muisca · Mexico
528
+21
🇲🇽 Lithuanians · Mexico
710
-21
🇮🇳 Khmer · India
701
-21
🇲🇽 Malians · Mexico
674
-20
🇨🇱 Mapuche · Chile
485
-12
songshu512
14:15 Feudal Age
15:29 Double-Bit Axe
15:58 Horse Collar
32:34 Wheelbarrow
37:24 Castle Age
43:27 Hand Cart
71:46 Anarchy
74:26 Imperial Age
72:12 Forging
72:03 Scale Mail Armor
72:08 Squires
71:29 Pikeman
74:28 Iron Casting
74:09 Chain Mail Armor
75:39 Conscription
74:44 Elite Huskarl
79:25 Blast Furnace
Paradox™
10:50 Feudal Age
15:34 Castle Age
14:05 Double-Bit Axe
17:30 Bow Saw
17:04 Horse Collar
17:52 Stone Mining
18:56 Heavy Plow
21:22 Gold Mining
27:48 Forging
27:40 Scale Mail Armor
27:31 Fletching
27:42 Padded Archer Armor
31:53 Imperial Age
29:10 Loom
30:01 Wheelbarrow
31:21 Hand Cart
32:49 Iron Casting
32:30 Chain Mail Armor
32:21 Scale Barding Armor
32:32 Leather Archer Armor
32:45 Ballistics
33:25 Caravan
34:06 Conscription
34:51 Two-Man Saw
36:23 Chemistry
35:35 Fortified Wall
35:37 Masonry
37:09 Blast Furnace
36:39 Plate Mail Armor
37:35 Elite Teutonic Knight
38:51 Hoardings
38:19 Bodkin Arrow
38:53 Pikeman
39:19 Gambesons
39:34 Squires
44:49 Chain Barding Armor
52:14 Plate Barding Armor
52:10 Ring Archer Armor
51:51 Siege Engineers
65:47 Halberdier
71:16 Ironclad
87:04 Spies/Treason
Yogurt 501
10:46 Feudal Age
15:04 Castle Age
13:46 Double-Bit Axe
14:00 Horse Collar
22:15 Bow Saw
22:09 Heavy Plow
25:26 Gold Mining
26:26 Scale Mail Armor
26:37 Forging
28:47 Chain Mail Armor
29:08 Iron Casting
33:06 Imperial Age
31:12 Wheelbarrow
30:23 Loom
30:33 Gambesons
30:49 Squires
30:35 Arson
30:11 Man-at-Arms
33:23 Murder Holes
33:13 Long Swordsman
34:22 Two-Handed Swordsman
35:44 Plate Mail Armor
36:15 Blast Furnace
44:08 Elite Jomsviking
44:22 Hamask
44:22 Northmen's Fury
64:15 Onager
Stephani Gotica
6:08 Loom
9:12 Feudal Age
12:58 Castle Age
11:30 Double-Bit Axe
12:14 Horse Collar
14:50 Champi Runner
15:42 Champi Warrior
18:39 Scale Mail Armor
20:56 Squires
22:52 Wheelbarrow
23:54 Chain Mail Armor
23:43 Squires
25:24 Bow Saw
30:01 Heavy Plow
29:54 Stone Mining
29:55 Gold Mining
32:12 Hand Cart
33:58 Stone Shaft Mining
34:02 Gold Shaft Mining
33:28 Loom
33:57 Town Watch
37:26 Imperial Age
35:55 Forging
36:41 Murder Holes
36:26 Treadmill Crane
37:40 Onager
40:25 Two-Man Saw
39:56 Crop Rotation
40:08 Iron Casting
39:25 Fletching
39:36 Padded Archer Armor
40:01 Ballistics
40:42 Chemistry
39:52 Masonry
41:23 Thumb Ring
41:14 Bodkin Arrow
41:35 Leather Archer Armor
41:28 Siege Engineers
41:47 Conscription
41:36 Herbalism
41:24 Siege Onager
41:51 Crossbowman
42:35 Arbalester
85:06 Spies/Treason
PakirrySnow
10:22 Feudal Age
12:07 Wheelbarrow
11:20 Double-Bit Axe
11:18 Horse Collar
25:16 Castle Age
24:28 Stone Mining
25:58 Fletching
26:42 Hand Cart
26:53 Bow Saw
27:36 Gold Mining
27:57 Town Watch
27:57 Loom
29:24 Heavy Plow
30:50 Fortified Wall
38:04 Imperial Age
38:23 Town Patrol
39:40 Bloodlines
39:31 Husbandry
38:52 Light Cavalry
41:49 Redemption
41:51 Fervor
41:56 Block Printing
42:19 Forging
42:15 Scale Barding Armor
43:11 Masonry
42:59 Murder Holes
44:05 Chemistry
44:28 Crop Rotation
45:00 Winged Hussar
48:21 Iron Casting
48:28 Bodkin Arrow
49:19 Bracer
50:19 Ballistics
64:32 Chain Barding Armor
66:56 Plate Barding Armor
71:04 Conscription
75:50 Hill Forts
76:37 Padded Archer Armor
76:07 Crossbowman
80:22 Thumb Ring
80:30 Elite Skirmisher
TruG-moto
0:27 Loom
15:24 Feudal Age
16:12 Town Watch
22:49 Castle Age
21:40 Double-Bit Axe
21:37 Horse Collar
31:23 Town Patrol
saikrishan399
10:21 Feudal Age
11:45 Double-Bit Axe
18:11 Castle Age
15:57 Loom
17:20 Horse Collar
22:09 Stone Mining
22:38 Bow Saw
26:22 Wheelbarrow
27:23 Hand Cart
29:23 Fletching
29:33 Padded Archer Armor
31:44 Gold Mining
34:15 Stone Shaft Mining
34:16 Gold Shaft Mining
34:22 Tusk Swords
41:24 Imperial Age
42:45 Elite Ballista Elephant
45:25 Heavy Scorpion
51:03 Double Crossbow
53:08 Chemistry
52:28 Ballistics
67:50 Ballistics
70:14 Light Cavalry
71:07 Bloodlines
71:37 Hussar
73:05 Forging
73:01 Scale Barding Armor
73:39 Conscription
74:59 Iron Casting
cvarascaica
0:36 Loom
14:41 Feudal Age
16:29 Wheelbarrow
15:37 Horse Collar
15:42 Double-Bit Axe
16:00 Gold Mining
18:09 Arson
19:34 Forging
19:25 Scale Mail Armor
19:26 Padded Archer Armor
20:32 Stone Mining
22:27 Champi Runner
23:27 Town Watch
26:27 Fletching
31:29 Castle Age
31:31 Champi Warrior
31:35 Pikeman
32:27 Bow Saw
32:21 Heavy Plow
34:25 Hand Cart
37:19 Iron Casting
37:00 Chain Mail Armor
37:33 Fervor
37:23 Treadmill Crane
38:45 Gold Shaft Mining
38:50 Stone Shaft Mining
39:54 Town Patrol
40:48 Masonry
40:34 Murder Holes
Connection lost

Rejoining the realm…

Still unreachable

The connection could not be restored.

Session expired

The server has moved on; the page needs a fresh start.